 Dungeon Crawl Stone Soup version 0.29.0-4-gdea44cf6ec (webtiles) character file.

Game seed: 6356350532405777014

21 qw the Sneak (level 2, 0/19 HPs)
             Began as a Gargoyle Delver on Sept 10, 2022.
             Slain by an orc
             ... wielding a +0 short sword of protection
              (5 damage)
             ... on level 3 of the Dungeon.
             The game lasted 00:00:16 (540 turns).

qw the Sneak (Gargoyle Delver)                       Turns: 540, Time: 00:00:16

Health: 0/19       AC:  5    Str: 15    XL:     2   Next: 83%
Magic:  2/2        EV: 11    Int: 10    God:
Gold:   69         SH:  0    Dex: 11    Spells: 1/1 levels left

rFire   . . .      SeeInvis .   a - +0 hand axe
rCold   . . .      Faith    .   (no shield)
rNeg    + . .      Spirit   .   b - +0 leather armour
rPois   inf        Reflect  .   (no helmet)
rElec   +          Harm     .   (no cloak)
rCorr   .          Rampage  .   (no gloves)
Will    .....                   (no boots)
Stlth   +++.......              (no amulet)
HPRegen 0.06/turn               (no ring)
MPRegen 0.08/turn               (no ring)

@: no status effects
A: sickness immunity, AC +2, negative energy resistance 1, electricity
resistance, torment resistance 1, petrification resistance
a: no special abilities


You were on level 3 of the Dungeon.
You visited 1 branch of the dungeon, and saw 3 of its levels.

You collected 69 gold pieces.


Innate Abilities, Weirdness & Mutations

You are immune to sickness and miasma.
Your stone body is resilient. (AC +2)
You are immune to poison.
You resist negative energy. (rN+)
You are resistant to electric shocks. (rElec)
You are resistant to unholy torment.
You are immune to petrification.


   Skills:
 - Level 3.2 Fighting
 + Level 3.0 Axes
 - Level 1.5 Dodging
 - Level 5.4 Stealth


You had one spell level left.
You didn't know any spells.
Your spell library was empty.

Inventory:

Hand Weapons
 a - a +0 hand axe (weapon)
 c - a +0 club
Armour
 b - a +0 leather armour (worn)
Jewellery
 d - an amulet of the acrobat
Wands
 g - a wand of digging (3)
Potions
 f - a potion of haste

Dungeon Overview and Level Annotations

Branches:
Dungeon (5/15)
 Temple: D:4-7

Altars:


Message History

You hit the orc wizard but do no damage.
The orc wizard barely misses you.
You barely miss the orc wizard.
The orc shouts!
You hear a shout!
An orc comes into view.
It is wielding a +0 short sword of protection.
The orc wizard closely misses you.
You closely miss the orc wizard.
The orc wizard hits you but does no damage.
You hit the orc wizard but do no damage.
You hit the orc. The orc hits you with a +0 club. The orc misses you.
You hit the orc.
You kill the orc!
You hit the orc but do no damage.
Your Axes skill increases to level 3!
You hit the orc.
The orc is lightly wounded.
The orc wizard gestures at you while chanting.
The magic dart hits you.
You barely miss the orc.
The orc is lightly wounded.
You hit the orc. The orc misses you.
The orc hits you with a +0 short sword of protection.
You closely miss the orc.
The orc is moderately wounded.
You closely miss the orc. You closely miss the orc wizard.
The orc barely misses you. x2
The orc wizard hits you but does no damage.
You barely miss the orc.
The orc is moderately wounded.
You closely miss the orc. You hit the orc wizard.
The orc hits you but does no damage. The orc barely misses you.
The orc wizard hits you with a +0 dagger.
You hit the orc.
The orc is severely wounded.
You hit the orc but do no damage. You closely miss the orc wizard.
The orc hits you with a +0 hand axe.
The orc hits you with a +0 short sword of protection.
You die...

#... .# ..#. #. #..# .#
.#. .. #..#####.## B.
#. #..#...... #.
####.#####........ # #.
#.......##....#.. .# #.
.#.......##...#$o#..#.#
#.##.
.#.......##...#o@o....#
#....
............#.#.###.###
#####
#.....>.####...##..#
##% ##.......#
#.......# ##.#
.........# ######..#
########.## .####.##.#
## #.......## #.##.#
..######.## #.##.# ..#
##)# #.##.. #.# #...


You could see an orc wizard and 2 orcs.

Vanquished Creatures
  An adder (D:4)
  An orc (D:3)
  A ball python (D:3)
  An endoplasm (D:3)
  2 giant cockroaches (D:4)
  A hobgoblin (D:3)
  2 kobolds
  A goblin (D:4)
10 creatures vanquished.

Notes
Turn   | Place    | Note
-------+----------+-------------------------------------------
     0 | D:5      | qw the Gargoyle Delver began the quest for the Orb.
     0 | D:5      | Reached XP level 1. HP: 14/14 MP: 1/1
     0 | D:5      | 0 ||| qw: Version: 0.1-a-116-g5d60599
     0 | D:5      | 0 ||| qw: Game counter: 9203
     0 | D:5      | 0 ||| qw: Always use a shield: true
     0 | D:5      | 0 ||| qw: God list: Okawaru
     0 | D:5      | 0 ||| qw: Allow faded altars: false
     0 | D:5      | 0 ||| qw: Do Orc after D:15 true
     0 | D:5      | 0 ||| qw: Do second Lair branch before Depths: true
     0 | D:5      | 0 ||| qw: Lair rune preference: random
     0 | D:5      | 0 ||| qw: Plans: Normal
     0 | D:5      | 0 ||| PLANNING D:1-11
     0 | D:5      | 0 ||| DROPPING scroll of fog.
     1 | D:5      | 1 ||| DROPPING scroll of magic mapping.
     2 | D:5      | 2 ||| DROPPING scroll of fear.
   103 | D:4      | 103 ||| Stepping ~*~*~tactically~*~*~ (stealth).
   104 | D:4      | 104 ||| Stepping ~*~*~tactically~*~*~ (stealth).
   110 | D:4      | 110 ||| Stepping ~*~*~tactically~*~*~ (stealth).
   111 | D:4      | 111 ||| Stepping ~*~*~tactically~*~*~ (stealth).
   112 | D:4      | 112 ||| Stepping ~*~*~tactically~*~*~ (stealth).
   132 | D:4      | Reached XP level 2. HP: 19/19 MP: 2/2
   205 | D:3      | 205 ||| Stepping ~*~*~tactically~*~*~ (stealth).
   211 | D:3      | 211 ||| Stepping ~*~*~tactically~*~*~ (stealth).
   217 | D:3      | 217 ||| Stepping ~*~*~tactically~*~*~ (stealth).
   426 | D:3      | 426 ||| Stepping ~*~*~tactically~*~*~ (hiding).
   536 | D:3      | Reached skill level 3 in Axes
   540 | D:3      | Slain by an orc

Levels and vault maps discovered:
D:3:      layout_loops_ring, minivault_27, minmay_misc_feat_square
D:4:      layout_gridville, lemuel_crystal_altar, kennysheep_mini, serial_shops,
          nicolae_diamond_shop, skrybe_limestone_x, minmay_snake_closets,
          uniq_sigmund
D:5:      layout_basic, grunt_ministairs_10

Skill      XL: |  1  2 |
---------------+-------+-----
Axes           | 2 3 |  3.0
Fighting       | |  3.2
Dodging        | |  1.5
Stealth        | |  5.4

Action                   || total
-------------------------++-------
Melee: Hand axe          ||    41
 Stab: Sleeping          ||     2
Armor: Leather armour    ||    10
Dodge: Dodged            ||    25

Table legend:
 A = Non-vault XP
 B = Vault XP
 C = Vault XP percentage of total XP
 D = Non-vault monster count
 E = Vault monster count
 F = Vault count percentage of total count
                 A         B        C        D         E       F
            +---------+---------+-------+---------+---------+-------
      Total |      30 |       0 |   0.0 |      10 |       0 |   0.0
            +---------+---------+-------+---------+---------+-------
        D:3 |      10 |       0 |   0.0 |       5 |       0 |   0.0
        D:4 |      20 |       0 |   0.0 |       5 |       0 |   0.0
            +---------+---------+-------+---------+---------+-------
